 Dungeon Crawl Stone Soup version 0.30-a0-141-g30f27751c5 (webtiles) character file.

Game seed: 15055989312773406106

837 Julmuri the Skirmisher (level 7, -6/61 HPs)
             Began as a Minotaur Hunter on Sept 25, 2022.
             Mangled by Pikel
             ... wielding a +2 whip of electrocution
              (8 damage)
             ... on level 4 of the Dungeon.
             The game lasted 00:21:04 (3632 turns).

Julmuri the Skirmisher (Minotaur Hunter)            Turns: 3632, Time: 00:21:04

Health: -6/61      AC:  4    Str: 16    XL:     7   Next: 66%
Magic:  6/6        EV: 12    Int:  6    God:
Gold:   183        SH:  0    Dex: 15    Spells: 6/6 levels left

rFire   x . .      SeeInvis .    a - +0 shortbow
rCold   + . .      Faith    .    (shield currently unavailable)
rNeg    . . .      Spirit   .    c - +0 leather armour
rPois   .          Reflect  .    (helmet restricted)
rElec   .          Harm     .    (no cloak)
rCorr   .          Rampage  .    (no gloves)
Will    .....                    w - +0 pair of boots
Stlth   ++........               (no amulet)
HPRegen 0.20/turn                h - ring of ice
MPRegen 0.10/turn                (no ring)

@: no status effects
A: horns 2, retaliatory headbutt
a: no special abilities


You were on level 4 of the Dungeon.
You visited 1 branch of the dungeon, and saw 4 of its levels.
You also visited: Sewer.

You collected 183 gold pieces.

Inventory:

Hand Weapons
 a - a +0 shortbow (weapon)
 k - a +2 dagger of protection
 t - a +1 short sword of protection
 y - a +1 dagger of pain
Armour
 c - a +0 leather armour (worn)
 f - a +0 robe of fire resistance
 w - a +0 pair of boots (worn)
Jewellery
 h - a ring of ice (left hand)
Scrolls
 b - a scroll of immolation
 d - a scroll of summoning {unknown}
 e - a scroll of noise {unknown}
 g - a scroll of enchant armour {unknown}
 i - 3 scrolls of teleportation {unknown}
 j - 6 scrolls of identify {unknown}
 m - a scroll of brand weapon {unknown}
 o - a scroll of vulnerability {unknown}
 s - 3 scrolls of blinking {unknown}
 u - a scroll of enchant weapon {unknown}
Potions
 l - a potion of curing
 n - a potion of heal wounds {unknown}
 p - a potion of might
 q - a potion of brilliance
 r - a potion of magic
 v - a potion of invisibility {unknown}
 x - 2 potions of mutation {unknown}
 z - a potion of attraction


   Skills:
 + Level 5.2 Fighting
 + Level 0.6 Short Blades
 + Level 8.9 Ranged Weapons
 + Level 2.5 Armour
 + Level 2.6 Dodging
 + Level 1.2 Stealth


You had 6 spell levels left.
You didn't know any spells.
Your spell library contained the following spells:

 Spells                   Type           Power      Damage    Failure   Level
 Apportation              Tloc           0%         N/A       52%         1
 Magic Dart               Conj           0%         1d3       52%         1
 Necrotise                Necr           0%         1d4       52%         1
 Summon Small Mammal      Summ           0%         N/A       52%         1
 Call Imp                 Summ           0%         N/A       65%         2
 Mephitic Cloud           Conj/Pois/Air  0%         N/A       87%         3


Dungeon Overview and Level Annotations

Branches:
Dungeon (4/15)              Sewer (visited)
 Temple: D:4-7

Altars:
Nemelex Xobeh

Annotations:
D:2 Terence
D:4 Pikel


Innate Abilities, Weirdness & Mutations

You have a pair of horns on your head.
You reflexively headbutt those who attack you in melee.


Message History

Pikel attacks as you move away! Pikel closely misses you.
You furiously retaliate!
You headbutt Pikel, but do no damage. Pikel attacks as you move away!
Pikel hits you with a +2 whip of electrocution.
Pikel attacks as you move away! Pikel hits you but does no damage.
Pikel says, "Hell isn't that bad."
The lemure hits you. The lemure attacks as you move away!
The lemure misses you. The lemure attacks as you move away!
The lemure closely misses you. The lemure hits you but does no damage.
Pikel attacks as you move away! Pikel completely misses you.
The lemure attacks as you move away! The lemure hits you.
Pikel attacks as you move away!
Pikel hits you with a +2 whip of electrocution!
Pikel attacks as you move away! Pikel misses you.
The lemure attacks as you move away! The lemure hits you.
The lemure attacks as you move away! The lemure closely misses you.
You hear the hiss of a distant avalanche of sand.
Pikel attacks as you move away!
Pikel hits you with a +2 whip of electrocution.
Pikel attacks as you move away! Pikel closely misses you.
Pikel attacks as you move away!
Pikel hits you with a +2 whip of electrocution.
Pikel cracks his whip.
Pikel attacks as you move away!
Pikel hits you with a +2 whip of electrocution.
* * * LOW HITPOINT WARNING * * *
You feel better. Pikel hits you but does no damage.
Pikel attacks as you move away! Pikel misses you. You furiously retaliate!
You headbutt Pikel! Pikel attacks as you move away!
Pikel hits you with a +2 whip of electrocution.
Pikel says, "You'll rot in Tartarus!"
Pikel attacks as you move away!
Pikel hits you with a +2 whip of electrocution.
You are electrocuted!!
* * * LOW HITPOINT WARNING * * *
Pikel attacks as you move away!
Pikel hits you with a +2 whip of electrocution!
You die...

'>........##........#
#.........##........# .....
#.........##........# .....
####..######........#......
##...# #........#......
##..## #........#......
######...###...............
.....##...55.5.............
.....###..##...K@...#####.
....####.#######.#.<# #
...+..#.#######.#### #+
..##.........#..
.###.####5#####.####
#'#..#.....#.. ..
##.....##..#.##.#####
#....5.##..#....#...# #
.............####...# .#.


You could see Pikel and 3 lemures.

Vanquished Creatures
  Sigmund (D:2)
  A lemure (D:4)
  7 kobold brigands (Sewer)
  A hound (D:4)
  A river rat (Sewer)
  5 adders
  4 worms
  3 dart slugs
  An orc (D:4)
  5 bats
  11 endoplasms
  2 giant cockroaches
  8 goblins
  6 hobgoblins (D:1)
  3 jackals (D:3)
  10 kobolds
  4 quokkas
  7 ball pythons
  2 frilled lizards
  7 rats
89 creatures vanquished.

Notes
Turn   | Place    | Note
-------+----------+-------------------------------------------
     0 | D:1      | Julmuri the Minotaur Hunter began the quest for the Orb.
     0 | D:1      | Reached XP level 1. HP: 18/18 MP: 0/0
   162 | D:1      | Reached XP level 2. HP: 25/25 MP: 1/1
   237 | D:1      | Reached skill level 5 in Ranged Weapons
   488 | D:1      | Reached XP level 3. HP: 30/30 MP: 2/2
   925 | D:2      | Noticed Sigmund
   991 | D:2      | HP: 1/31 [Sigmund/+0 scythe (5)]
  1001 | D:2      | Killed Sigmund
  1002 | D:2      | Reached skill level 6 in Ranged Weapons
  1002 | D:2      | Reached skill level 1 in Stealth
  1002 | D:2      | Reached XP level 4. HP: 23/40 MP: 3/3
  1002 | D:2      | Reached XP level 5. HP: 27/46 MP: 4/4
  1687 | D:2      | Noticed Terence
  1768 | D:3      | Found a glowing drain.
  1787 | Sewer    | Entered a sewer
  1825 | Sewer    | Reached XP level 6. HP: 52/52 MP: 5/5
  1894 | Sewer    | Reached skill level 7 in Ranged Weapons
  2199 | Sewer    | Reached XP level 7. HP: 50/60 MP: 6/6
  2303 | Sewer    | Reached skill level 8 in Ranged Weapons
  3370 | D:4      | Found a sparkling altar of Nemelex Xobeh.
  3404 | D:4      | Reached skill level 5 in Fighting
  3538 | D:4      | Noticed Pikel
  3631 | D:4      | HP: 2/61 [Pikel/+2 whip of electrocution (18)]
  3632 | D:4      | Mangled by Pikel

Illustrated notes

Levels and vault maps discovered:
D:1:      spicycebolla_arrival_ecumenical, layout_loops_ring,
          chequers_decorated_corner
D:2:      layout_basic, kennysheep_generic_room_6, uniq_terence, uniq_sigmund
D:3:      layout_loops_cross, portal_sewer_entry_f
D:4:      layout_basic, nemelex_diamond_rough_becter,
          nicolae_ossuary_entry_plus, minmay_cupped, uniq_robin, uniq_pikel

Skill      XL: |  1  2  3  4  5  6  7 |
---------------+----------------------+-----
Ranged Weapons | 5 6 7 8 |  8.9
Fighting       | 3 4 5 |  5.2
Armour         | 2 |  2.5
Stealth        | 1 |  1.2
Short Blades   | |  0.6
Dodging        | |  2.6

Action                   |  1- 3 |  4- 6 |  7- 9 || total
-------------------------+-------+-------+-------++-------
Melee: Dagger            |     4 |       |       ||     4
       Headbutt          |     1 |       |       ||     1
 Fire: Shortbow          |    85 |   108 |   115 ||   308
  Use: Potion            |     6 |       |     1 ||     7
Armor: Leather armour    |    13 |     1 |    15 ||    29
Dodge: Dodged            |    20 |    17 |    28 ||    65

Table legend: (Time is in decaauts)
 A = Elapsed time spent in this place.
 B = Non-inter-level travel time spent in this place.
 C = Inter-level travel time spent in this place.
 D = Time resting spent in this place.
 E = Time spent auto-exploring this place.
 F = Levels seen in this place.
 G = Mean time per level.
                   A        B        C        D        E       F      G
               +--------+--------+--------+--------+--------+-----+--------+
         Total |   3839 |   3781 |     58 |    200 |   2376 |   5 |  767.8 |
       Dungeon |   2708 |   2650 |     58 |      0 |   1782 |   4 |  677.0 |
         Sewer |   1130 |   1130 |      0 |    200 |    594 |   1 | 1130.0 |
               +--------+--------+--------+--------+--------+-----+--------+

Top non-repeatable levels by time:
   Sewer: 1130 daAuts
     D:2: 1012 daAuts
     D:1: 726 daAuts
     D:3: 651 daAuts
     D:4: 318 daAuts
